General information
- name: Local Game (DJOrwell)
- type: Custom game
- host: DJOrwell
- saver: DJOrwell
map: Adrenaline
- players: 4
- length: 18:52
- speed: Fast
- version: 1.26 W3XP
- replay type: Public
» download(99 KB)
Players
team 1 (winner)

»
DJOrwell (
red | 62 APM | 1165 actions | 18:52)
5 Paladin
2 Holy Light
3 Devotion Aura
» actions
| Assign group hotkey | 14 | |
| Basic commands | 2 | |
| Build / train | 64 | |
| Enter build submenu | 30 | |
| Enter hero's abilities submenu | 5 | |
| Right click | 602 | |
| Select / deselect | 291 | |
| Select group hotkey | 99 | |
| Use ability | 58 | |
1165 total
» units
| Peasant | 14 | |
| Footman | 5 | |
| Rifleman | 10 | |
| Goblin Zeppelin | 2 | |
| Goblin Sapper | 6 | |
37 total
» upgrades
| Swords | 2 | |
| Gunpowder | 2 | |
| Plating | 2 | |
| Defend | 1 | |
| Long Rifles | 1 | |
| Backpack | 1 | |
| Masonry | 1 | |
| Lumber Harvesting | 1 | |
| Armor | 1 | |
12 total
» buildings
| Altar of Kings | 2 | |
| Farm | 10 | |
| Barracks | 1 | |
| Lumber Mill | 3 | |
| Scout Tower | 3 | |
| Arcane Tower | 2 | |
| Blacksmith | 1 | |
| Keep | 1 | |
| Arcane Vault | 1 | |
| Gryphon Aviary | 3 | |
| Castle | 1 | |
28 total
» build order
00:27 Altar of Kings
00:34 Farm
00:39 Farm
00:43 Barracks
01:40 Lumber Mill
01:59 Scout Tower
02:03 Scout Tower
02:35 Arcane Tower
03:09 Blacksmith
03:11 Arcane Tower
04:03 Keep
04:33 Arcane Vault
05:27 Farm
05:30 Farm
05:35 Farm
05:51 Lumber Mill
06:21 Farm
06:25 Farm
07:12 Farm
07:17 Gryphon Aviary
08:42 Scout Tower
11:50 Farm
11:54 Farm
13:02 Altar of Kings
13:05 Gryphon Aviary
13:43 Gryphon Aviary
14:39 Lumber Mill
17:34 Castle
» items
| Scroll of Regeneration | 1 | |
| Potion of Healing | 4 | |
5 total
team 2 (loser)

»
HAL9001 (
blue | 52 APM | 983 actions | 18:51)
3 Dreadlord
1 Vampiric Aura
1 Sleep
1 Carrion Swarm
» actions
| Assign group hotkey | 1 | |
| Basic commands | 2 | |
| Build / train | 47 | |
| Enter build submenu | 20 | |
| Enter hero's abilities submenu | 2 | |
| Right click | 575 | |
| Select / deselect | 298 | |
| Use ability | 38 | |
983 total
» units
| Acolyte | 4 | |
| Ghoul | 19 | |
| Goblin Zeppelin | 1 | |
| Goblin Sapper | 1 | |
| Goblin Shredder | 1 | |
| Crypt Fiend | 4 | |
| Abomination | 2 | |
32 total
» upgrades
| Cannibalize | 1 | |
| Unholy Strength | 2 | |
| Unholy Armor | 1 | |
| Web | 1 | |
5 total
» buildings
| Crypt | 1 | |
| Altar of Darkness | 1 | |
| Ziggurat | 7 | |
| Graveyard | 1 | |
| Nerubian Tower | 1 | |
| Tomb of Relics | 1 | |
| Spirit Tower | 2 | |
| Halls of the Dead | 1 | |
| Black Citadel | 1 | |
| Sacrificial Pit | 1 | |
| Slaughterhouse | 1 | |
| Necropolis | 1 | |
19 total
» build order
00:16 Crypt
00:22 Altar of Darkness
00:46 Ziggurat
01:18 Graveyard
01:52 Nerubian Tower
02:36 Tomb of Relics
02:53 Ziggurat
03:43 Ziggurat
04:35 Spirit Tower
04:38 Halls of the Dead
04:51 Ziggurat
07:06 Black Citadel
07:14 Sacrificial Pit
07:26 Slaughterhouse
10:13 Ziggurat
14:49 Spirit Tower
15:03 Ziggurat
15:36 Necropolis
17:31 Ziggurat
» items
refereesghettooverlord,
Mystic_Truhan Chat log
(00:10 / All) DJOrwell: oh my god it looks so pretty now
(00:23 / All) DJOrwell: i'll have to relearn everything to accustom to the higher FPS
(04:13 / All) DJOrwell: oh my god
(04:15 / All) DJOrwell: it's THIS map
(04:18 / All) DJOrwell: FUCK I FORGOT
(04:21 / All) ghettooverlord: I was wondering why you picked this map again.
(04:26 / All) DJOrwell: FUUUUUUUUCK
(06:11 / All) DJOrwell: o fuck
(12:16 / All) ghettooverlord: Just to let you know, if you hold down shift while issuing a command, it will queue that command.
(12:27 / All) ghettooverlord: So you can make multiple move commands at once.
(12:33 / All) DJOrwell: thanks
(12:41 / All) ghettooverlord: Si.
(12:45 / All) Mystic_Truhan: ur welcome
(18:21 / All) HAL9001: okay fuck this
(18:22 / All) HAL9001: gg
(18:24 / All) DJOrwell: GG
(18:27 / All) Mystic_Truhan: g.g.